Unix NetHack Version 5.0.0-0 post-release - last build Jul 19 2026 19:10:59 (3aa4ab31751d3886436d94b585a96704892fd477,branch:main).

Game began 2026-07-31 04:11:51, ended 2026-07-31 04:43:28.

Anwyn, neutral female gnomish Archeologist

      ---
     --.---
     |....--
     --....|  ---
   ----....---..---
   |..............|            --
   |.........--- --            |.
   --..---.<.|                  .
   |..-- |...---           --- |.  --
   ---- --.....---          ...|.--.----
     ----........|           ..|.......--
     |..........------       -..........|
   ---...............--      |...h.....-
   |...........-----..--------.........--
   |...........|   --...........)u......|
   ---.........|    ---------...d......--
     -----------            --.--.------
                             ------
Anwyn the Field Worker     St:15 Dx:14 Co:11 In:6 Wi:6 Ch:8  Neutral
Dlvl:5  $:0  HP:0(26) Pw:16(16) AC:2  Xp:4 T:2276 

Latest messages:
 You are enveloped in a cloud of steam!
 You hit the fog cloud.
 You hit the fog cloud.
 You hit the fog cloud.
 You hear some noises.
 You hit the fog cloud.
 You hit the fog cloud.
 You feel strong!
 You must have been exercising diligently.
 You hit the fog cloud.
 You hit the fog cloud.
 You destroy the fog cloud!
 You miss the homunculus.
 The homunculus bites!
 You hit the homunculus.
 Patience bites the homunculus.
 The homunculus bites Patience.
 The homunculus bites!
 The pony kicks!
 The pony bites!
 You see a gas cloud dissipate.
 The homunculus bites!
 You miss the pony.
 The hobbit throws a runed dagger!
 A runed dagger misses you.
 The homunculus bites!
 The pony misses!
 The pony bites!
 Patience misses the homunculus.
 Patience bites the pony.
 The pony hits Patience.
 The pony bites Patience.
 You hit the homunculus.
 Patience misses the pony.
 The homunculus bites!
 What do you want to drink? [G or ?*] G
 Gee!  All of a sudden, you can't see yourself.
 Patience bites the homunculus.
 The homunculus is killed!
 The pony kicks!
 The pony misses!
 The pony kicks!
 The pony bites!
 You die...
 Do you want your possessions identified? [ynq] (y) y
 Do you want to see your attributes? [ynq] (y) y
 Do you want an account of creatures vanquished? [ynaq] (y) y
 Do you want a list of species genocided? [ynq] (y) y
 Do you want to see your conduct and achievements? [ynq] (y) y
 Do you want to see the dungeon overview? [ynq] (y) y

Inventory:
 Weapons  (')')
  t - 11 +0 darts
  u - 2 +0 elven daggers
  m - a +0 orcish dagger (at the ready)
  e - a +2 bullwhip (alternate weapon; not wielded)
 Armor    ('[')
  i - a cursed +0 dunce cap (being worn)
  J - an uncursed +0 pair of iron shoes (being worn)
  L - an uncursed +0 dwarvish mithril-coat (being worn)
 Comestibles  ('%')
  d - 4 uncursed food rations
  y - an uncursed tripe ration
 Wands    ('/')
  P - a wand of light (0:10)
 Tools    ('(')
  b - an empty uncursed sack
  x - an uncursed mirror
  a - a +0 pick-axe named Mazebane (weapon in right hand)
  f - a tinning kit (0:43)
  O - an uncursed towel
 Gems/Stones  ('*')
  Q - an uncursed jacinth stone
  g - an uncursed touchstone

Anwyn the Archeologist's attributes:

Background:
 You were a Field Worker, a level 4 female gnomish Archeologist.
 You were neutral, on a mission for Camaxtli
 who was opposed by Quetzalcoatl (lawful) and Huhetotl (chaotic).
 You were right-handed.
 You were in the Gnomish Mines, on level 5.
 You entered the dungeon 2276 turns ago.
 It was nighttime.
 There was a full moon in effect when your adventure ended.
 You had 111 experience points, 49 more were needed to attain level 5.

Basics:
 You had 0 out of 26 hit points.
 You had all 16 energy points (spell power).
 Your armor class was 2.
 Your wallet was empty.
 Autopickup was on for '$"!/?=' plus thrown.

Final Characteristics:
 Your strength was 15 (limit:18/50).
 Your dexterity was 14 (limit:18).
 Your constitution was 11 (limit:18).
 Your intelligence was 6 (base:14, limit:19).
 Your wisdom was 6 (base:16, limit:18).
 Your charisma was 8 (limit:18).

Final Status:
 You weren't hungry.
 You were unencumbered.
 You were wielding a pick-axe.
 You had basic skill with pick-axe.

Final Attributes:
 You were devoutly aligned.
 You were telepathic.
 You had automatic searching.
 You had infravision.
 You were invisible.
 You were guarded.
 You were lucky.
 Camaxtli was angry with you.
 You are dead.

Miscellaneous:
 You didn't encounter any bones levels.
 Total elapsed playing time was 31 minutes and 33 seconds.

Major events:
 Turn
    1: Anwyn the neutral female gnomish Archeologist entered the dungeon
  860: attained the rank of Field Worker (level 3)
  866: performed her first genocide (giant bats)
 1128: entered the Gnomish Mines
 2276: killed by a pony

You didn't know any spells.

Skills:
 Fighting Skills
   bare handed combat [Unskilled]
   two weapon combat  [Unskilled]
   riding             [Unskilled]
 Weapon Skills
   dagger             [Unskilled]
   knife              [Unskilled]
   pick-axe           [Basic]
   short sword        [Unskilled]
   saber              [Unskilled]
   club               [Unskilled]
   quarterstaff       [Unskilled]
   sling              [Unskilled]
   dart               [Unskilled]
   boomerang          [Unskilled]
   whip               [Basic]
   unicorn horn       [Unskilled]
 Spellcasting Skills
   attack spells      [Unskilled]
   healing spells     [Unskilled]
   divination spells  [Unskilled]
   matter spells      [Unskilled]

Voluntary challenges:
 Character rerolling was not enabled.
 You genocided 1 type of monster.
 You never polymorphed an object.
 You never changed form.
 You used no wishes.
Achievements:
 You attained the rank of Field Worker.
 You entered the Gnomish Mines.

 The Dungeons of Doom: levels 1 to 6
    Level 1:
    Level 2: "vault"
       A fountain.
    Level 3:
       Stairs down to The Gnomish Mines.
    Level 4:
       A sink.
    Level 5:
    Level 6:
 The Gnomish Mines: levels 4 to 5
    Level 4:
    Level 5: <- You were here.
       Final resting place for
          you, killed by a pony.


Vanquished creatures:
  a fog cloud
  a shrieker
  a giant ant
  a floating eye
  2 dwarves
  a homunculus
  a giant bat
  2 iguanas
  3 acid blobs
  a coyote
  2 hobbits
  a giant rat
  a yellow mold
  2 gnomes
  2 garter snakes
  2 gnome zombies
  4 geckos
  2 jackals
  3 kobolds
  a goblin
  2 sewer rats
  a grid bug
  a bat
  6 lichens
  a kobold zombie
  7 newts
52 creatures vanquished.

Genocided species:
 giant bats
1 species genocided.

Game over:
                       ----------
                      /          \
                     /    REST    \
                    /      IN      \
                   /     PEACE      \
                  /                  \
                  |      Anwyn       |
                  |       0 Au       |
                  | killed by a pony |
                  |                  |
                  |                  |
                  |                  |
                  |       2026       |
                 *|     *  *  *      | *
        _________)/\\_//(\/(/\)/\//\/|_)_______

Goodbye Anwyn the Archeologist...

You died in The Gnomish Mines on dungeon level 5 with 758 points,
and 0 pieces of gold, after 2276 moves.
You were level 4 with a maximum of 26 hit points when you died.

